3155 views
Uploaded 2020-03-30 12:28:05
Game version 1.32.3
40:48 long 1on1on1on1 ladder game on (6)NeonCity
Saved by Lakuza
3155 views
Uploaded 2020-03-30 12:28:05
Game version 1.32.3
40:48 long 1on1on1on1 ladder game on (6)NeonCity

84 units @ 12.9k
/ 2.2k
80 buildings @ 11.5k
/ 6.8k



| Healing Salve | 7 | 700 |
| Lesser Clarity Potion | 6 | 420 |
| Orb of Lightning | 3 | 1125 |
| Tiny Great Hall | 1 | 600 |
| Potion of Healing | 3 | 450 |
| Potion of Mana | 2 | 400 |
| Scroll of Town Portal | 4 | 1400 |
| total: | 26 | 5095g |
| Peon | 26 | 1950 | / | 0 |
| Grunt | 5 | 1000 | / | 0 |
| Troll Berserker | 9 | 1260 | / | 180 |
| Tauren | 9 | 2520 | / | 720 |
| Shaman | 10 | 1300 | / | 200 |
| Wind Rider | 1 | 265 | / | 40 |
| Kodo Beast | 2 | 510 | / | 120 |
| Troll Batrider | 17 | 2720 | / | 680 |
| Spirit Walker | 3 | 585 | / | 105 |
| Goblin Shredder | 2 | 750 | / | 200 |
| total: | 84 | 12860g | / | 2245w |
| Watch Tower | 58 | 6380 | / | 4640 |
| Altar of Storms | 2 | 360 | / | 100 |
| Orc Burrow | 5 | 800 | / | 200 |
| Barracks | 2 | 360 | / | 100 |
| Voodoo Lounge | 2 | 260 | / | 60 |
| War Mill | 1 | 205 | / | 0 |
| Great Hall | 7 | 2695 | / | 1295 |
| Spirit Lodge | 1 | 150 | / | 150 |
| Tauren Totem | 1 | 135 | / | 155 |
| Beastiary | 1 | 145 | / | 140 |
| Stronghold | 1 | 315 | / | 190 |
| Fortress | 1 | 325 | / | 190 |
| total: | 80 | 11490g | / | 6840w |
| 0:03 | Altar of Storms |
| 0:04 | Peon |
| 0:04 | Peon |
| 0:18 | Orc Burrow |
| 0:22 | Peon |
| 0:36 | Barracks |
| 0:38 | Barracks |
| 0:48 | Peon |
| 1:04 | Peon |
| 1:17 | Peon |
| 1:28 | Orc Burrow |
| 1:32 | Peon |
| 1:40 | Voodoo Lounge |
| 1:57 | Grunt |
| 2:26 | Grunt |
| 2:28 | Peon |
| 2:50 | Wind Walk |
| 3:23 | Grunt |
| 3:27 | Stronghold |
| 3:51 | Grunt |
| 3:57 | Orc Burrow |
| 4:03 | Healing Salve |
| 4:24 | War Mill |
| 5:05 | Critical Strike |
| 5:07 | Grunt |
| 5:21 | Great Hall |
| 5:54 | Goblin Shredder |
| 6:13 | Critical Strike |
| 6:24 | Orc Burrow |
| 6:56 | Berserker Strength |
| 7:04 | Spirit Lodge |
| 7:07 | Tauren Totem |
| 7:12 | Beastiary |
| 7:26 | Healing Salve |
| 7:26 | Lesser Clarity Potion |
| 7:58 | Watch Tower |
| 8:02 | Pillage |
| 8:06 | Spiked Barricades |
| 8:07 | Reinforced Defenses |
| 8:24 | Peon |
| 8:24 | Peon |
| 8:24 | Peon |
| 8:40 | Healing Wave |
| 8:53 | Fortress |
| 9:43 | Hex |
| 9:55 | Great Hall |
| 10:08 | Peon |
| 10:11 | Peon |
| 10:16 | Watch Tower |
| 10:16 | Watch Tower |
| 10:17 | Watch Tower |
| 10:18 | Watch Tower |
| 10:19 | Watch Tower |
| 10:20 | Watch Tower |
| 10:30 | Watch Tower |
| 10:31 | Watch Tower |
| 10:32 | Watch Tower |
| 10:34 | Watch Tower |
| 10:36 | Watch Tower |
| 10:38 | Watch Tower |
| 10:40 | Watch Tower |
| 10:46 | Peon |
| 11:22 | Voodoo Lounge |
| 11:28 | Backpack |
| 11:44 | Improved Spiked Barricades |
| 11:45 | Steel Armor |
| 11:46 | Steel Melee Weapons |
| 11:46 | Steel Ranged Weapons |
| 11:54 | Orb of Lightning |
| 11:58 | Healing Salve |
| 12:10 | Healing Salve |
| 12:10 | Lesser Clarity Potion |
| 12:29 | War Stomp |
| 12:31 | Pulverize |
| 12:32 | Spirit Walker Adept Training |
| 12:35 | War Drums Damage Increase |
| 12:38 | Shaman Adept Training |
| 12:51 | Orb of Lightning |
| 13:16 | Great Hall |
| 13:17 | Watch Tower |
| 13:17 | Watch Tower |
| 13:19 | Watch Tower |
| 13:19 | Watch Tower |
| 13:21 | Watch Tower |
| 13:21 | Watch Tower |
| 13:22 | Watch Tower |
| 13:26 | Wind Walk |
| 14:04 | Tiny Great Hall |
| 14:07 | Berserker Upgrade |
| 14:38 | Goblin Shredder |
| 15:04 | Peon |
| 15:04 | Peon |
| 15:04 | Peon |
| 15:05 | Peon |
| 15:06 | Peon |
| 15:25 | Thorium Melee Weapons |
| 15:26 | Thorium Armor |
| 15:34 | Troll Berserker |
| 15:34 | Tauren |
| 15:37 | Shaman |
| 15:46 | Wind Rider |
| 16:05 | Scroll of Town Portal |
| 16:09 | Orb of Lightning |
| 16:11 | Potion of Healing |
| 16:13 | Potion of Healing |
| 16:30 | Watch Tower |
| 16:31 | Watch Tower |
| 16:32 | Watch Tower |
| 17:02 | Endurance Aura |
| 17:15 | Troll Berserker |
| 17:18 | Shaman |
| 17:52 | Healing Salve |
| 17:57 | Lesser Clarity Potion |
| 18:03 | Lesser Clarity Potion |
| 18:21 | Shaman Master Training |
| 18:30 | Envenomed Spears |
| 18:49 | Thorium Ranged Weapons |
| 18:49 | Arcanite Melee Weapons |
| 19:21 | Great Hall |
| 19:24 | Watch Tower |
| 19:24 | Watch Tower |
| 19:24 | Watch Tower |
| 19:25 | Watch Tower |
| 19:26 | Watch Tower |
| 19:26 | Watch Tower |
| 19:27 | Watch Tower |
| 19:27 | Watch Tower |
| 19:27 | Watch Tower |
| 19:28 | Watch Tower |
| 20:09 | Orc Burrow |
| 20:29 | Peon |
| 20:34 | Watch Tower |
| 20:36 | Watch Tower |
| 20:41 | Watch Tower |
| 20:45 | Watch Tower |
| 20:45 | Watch Tower |
| 20:46 | Watch Tower |
| 20:47 | Watch Tower |
| 20:48 | Watch Tower |
| 20:59 | Troll Regeneration |
| 21:04 | Kodo Beast |
| 21:06 | Tauren |
| 21:09 | Shaman |
| 21:35 | Healing Wave |
| 21:54 | Peon |
| 21:55 | Peon |
| 21:55 | Peon |
| 21:55 | Peon |
| 21:57 | Peon |
| 22:10 | Peon |
| 22:14 | Watch Tower |
| 22:14 | Watch Tower |
| 22:15 | Watch Tower |
| 22:17 | Watch Tower |
| 22:17 | Watch Tower |
| 22:17 | Watch Tower |
| 23:37 | Troll Batrider |
| 23:39 | Troll Batrider |
| 23:42 | Shaman |
| 24:06 | Altar of Storms |
| 24:43 | Troll Berserker |
| 24:45 | Troll Batrider |
| 24:47 | Shaman |
| 24:48 | Tauren |
| 25:01 | Arcanite Armor |
| 25:02 | Arcanite Ranged Weapons |
| 25:18 | Troll Berserker |
| 25:20 | Troll Batrider |
| 25:30 | Shaman |
| 25:31 | Troll Batrider |
| 25:33 | Tauren |
| 25:35 | Spirit Walker Master Training |
| 25:35 | Spirit Walker |
| 25:36 | Spirit Walker |
| 26:37 | Healing Salve |
| 26:42 | Lesser Clarity Potion |
| 26:45 | Scroll of Town Portal |
| 28:14 | Critical Strike |
| 29:04 | Troll Berserker |
| 29:07 | Tauren |
| 29:46 | Endurance Aura |
| 30:23 | Healing Wave |
| 30:42 | Bladestorm |
| 31:06 | Hex |
| 31:12 | Troll Batrider |
| 31:12 | Troll Batrider |
| 31:13 | Troll Batrider |
| 31:13 | Troll Batrider |
| 31:13 | Troll Batrider |
| 31:13 | Troll Batrider |
| 31:14 | Troll Batrider |
| 31:20 | Great Hall |
| 31:21 | Watch Tower |
| 31:21 | Watch Tower |
| 31:22 | Watch Tower |
| 31:22 | Watch Tower |
| 32:41 | Watch Tower |
| 32:41 | Watch Tower |
| 32:41 | Watch Tower |
| 32:42 | Watch Tower |
| 32:43 | Watch Tower |
| 32:43 | Watch Tower |
| 33:26 | Troll Batrider |
| 33:26 | Troll Batrider |
| 33:42 | Troll Batrider |
| 33:47 | Scroll of Town Portal |
| 34:05 | Tauren |
| 34:07 | Troll Batrider |
| 34:08 | Shaman |
| 34:08 | Shaman |
| 34:09 | Troll Berserker |
| 34:10 | Troll Berserker |
| 35:32 | Big Bad Voodoo |
| 35:44 | Potion of Healing |
| 35:45 | Potion of Mana |
| 35:56 | War Stomp |
| 36:06 | Tauren |
| 36:07 | Spirit Walker |
| 36:11 | Troll Berserker |
| 36:11 | Troll Berserker |
| 36:12 | Shaman |
| 36:12 | Shaman |
| 36:25 | Great Hall |
| 37:26 | Tauren |
| 37:30 | Lesser Clarity Potion |
| 37:31 | Healing Salve |
| 37:39 | Scroll of Town Portal |
| 37:40 | Potion of Mana |
| 38:18 | Tauren |
| 38:20 | Kodo Beast |
| 38:21 | Troll Batrider |
| 39:27 | Great Hall |
| Right click | 1269 |
| Select group | 836 |
| Select | 523 |
| Build/train/purchase | 212 |
| Misc. action | 161 |
| Use ability | 111 |
| Assign group | 64 |
| Chat | 24 |
| Item give/drop | 6 |
| Esc | 6 |
43 units @ 7.3k
/ 0.9k
18 buildings @ 3.2k
/ 1.3k


| Lesser Clarity Potion | 1 | 70 |
| Healing Salve | 1 | 100 |
| Scroll of Speed | 1 | 50 |
| Tiny Great Hall | 1 | 600 |
| total: | 4 | 820g |
| Peon | 14 | 1050 | / | 0 |
| Grunt | 5 | 1000 | / | 0 |
| Troll Headhunter | 7 | 980 | / | 140 |
| Wind Rider | 12 | 3180 | / | 480 |
| Kodo Beast | 2 | 510 | / | 120 |
| Raider | 3 | 540 | / | 120 |
| total: | 43 | 7260g | / | 860w |
| Watch Tower | 4 | 440 | / | 320 |
| Altar of Storms | 1 | 180 | / | 50 |
| Orc Burrow | 6 | 960 | / | 240 |
| Voodoo Lounge | 1 | 130 | / | 30 |
| Barracks | 1 | 180 | / | 50 |
| War Mill | 1 | 205 | / | 0 |
| Great Hall | 2 | 770 | / | 370 |
| Beastiary | 2 | 290 | / | 280 |
| Stronghold | 1 | 315 | / | 190 |
| Fortress | 1 | 325 | / | 190 |
| total: | 18 | 3155g | / | 1340w |
| 0:08 | Altar of Storms |
| 0:09 | Orc Burrow |
| 0:11 | Peon |
| 0:11 | Peon |
| 0:11 | Peon |
| 0:25 | Voodoo Lounge |
| 0:36 | Peon |
| 0:37 | Peon |
| 0:56 | Peon |
| 0:58 | Peon |
| 1:05 | Peon |
| 1:26 | Barracks |
| 1:39 | Peon |
| 1:40 | Peon |
| 2:05 | Orc Burrow |
| 2:16 | Healing Wave |
| 2:49 | Orc Burrow |
| 3:00 | Grunt |
| 3:19 | Grunt |
| 3:21 | Pillage |
| 3:26 | Lesser Clarity Potion |
| 3:32 | Healing Salve |
| 4:28 | Grunt |
| 4:30 | Stronghold |
| 4:39 | War Mill |
| 5:10 | Grunt |
| 5:25 | Serpent Ward |
| 5:35 | Grunt |
| 5:54 | Watch Tower |
| 6:00 | Steel Armor |
| 6:39 | Troll Headhunter |
| 6:39 | Troll Headhunter |
| 6:40 | Troll Headhunter |
| 7:10 | Healing Wave |
| 7:22 | Steel Ranged Weapons |
| 7:28 | Beastiary |
| 7:28 | Beastiary |
| 7:33 | Orc Burrow |
| 7:34 | Orc Burrow |
| 7:37 | Troll Regeneration |
| 8:28 | Thorium Ranged Weapons |
| 8:29 | Thorium Armor |
| 9:03 | Troll Headhunter |
| 9:03 | Troll Headhunter |
| 10:06 | Wind Rider |
| 10:17 | Troll Headhunter |
| 10:40 | Watch Tower |
| 11:05 | Serpent Ward |
| 12:05 | Wind Rider |
| 12:27 | War Stomp |
| 13:58 | Fortress |
| 14:00 | Wind Rider |
| 14:11 | Orc Burrow |
| 15:17 | Great Hall |
| 16:17 | Kodo Beast |
| 16:18 | Wind Rider |
| 16:20 | Envenomed Spears |
| 16:33 | Endurance Aura |
| 16:39 | Healing Wave |
| 16:57 | Wind Rider |
| 17:46 | Endurance Aura |
| 17:58 | Arcanite Armor |
| 18:03 | Peon |
| 18:03 | Peon |
| 18:03 | Peon |
| 18:29 | Berserker Upgrade |
| 18:33 | Troll Headhunter |
| 18:42 | Wind Rider |
| 19:57 | Scroll of Speed |
| 20:19 | Kodo Beast |
| 20:41 | War Drums Damage Increase |
| 21:08 | Raider |
| 21:24 | Wind Rider |
| 21:24 | Wind Rider |
| 23:06 | Big Bad Voodoo |
| 23:21 | Wind Rider |
| 23:46 | Arcanite Ranged Weapons |
| 25:40 | Great Hall |
| 26:08 | Watch Tower |
| 27:44 | Tiny Great Hall |
| 28:07 | Watch Tower |
| 29:58 | Raider |
| 29:59 | Raider |
| 29:59 | Wind Rider |
| 29:59 | Wind Rider |
| 30:16 | Peon |
| 30:27 | Wind Rider |
| Right click | 792 |
| Select group | 771 |
| Select | 522 |
| Build/train/purchase | 101 |
| Misc. action | 90 |
| Use ability | 62 |
| Chat | 25 |
| Assign group | 20 |
| Esc | 6 |
| Remove unit | 5 |
/ 1.2k
32 buildings @ 4k
/ 1.9k



| Peasant | 26 | 1950 | / | 0 |
| Rifleman | 12 | 2460 | / | 360 |
| Priest | 5 | 675 | / | 50 |
| Mortar Team | 4 | 720 | / | 280 |
| Sorceress | 4 | 620 | / | 80 |
| Flying Machine | 1 | 100 | / | 30 |
| Spell Breaker | 2 | 430 | / | 60 |
| Knight | 2 | 490 | / | 120 |
| Siege Engine | 4 | 780 | / | 240 |
| total: | 60 | 8225g | / | 1220w |
| Scout Tower | 3 | 90 | / | 60 |
| Guard Tower | 2 | 140 | / | 100 |
| Altar of Kings | 1 | 180 | / | 50 |
| Farm | 15 | 1200 | / | 300 |
| Blacksmith | 1 | 140 | / | 60 |
| Lumber Mill | 2 | 240 | / | 0 |
| Barracks | 1 | 160 | / | 60 |
| Town Hall | 3 | 1155 | / | 615 |
| Arcane Vault | 1 | 130 | / | 30 |
| Arcane Sanctum | 2 | 300 | / | 280 |
| Workshop | 2 | 280 | / | 280 |
| Gryphon Aviary | 1 | 140 | / | 150 |
| Keep | 1 | 320 | / | 210 |
| Castle | 1 | 360 | / | 210 |
| total: | 32 | 4015g | / | 1885w |
| 0:04 | Peasant |
| 0:05 | Peasant |
| 0:09 | Altar of Kings |
| 0:12 | Farm |
| 0:35 | Peasant |
| 0:35 | Peasant |
| 0:49 | Blacksmith |
| 0:53 | Peasant |
| 0:54 | Peasant |
| 1:14 | Farm |
| 1:24 | Lumber Mill |
| 1:27 | Peasant |
| 1:28 | Peasant |
| 1:52 | Barracks |
| 2:02 | Peasant |
| 2:19 | Summon Water Elemental |
| 2:25 | Peasant |
| 2:29 | Farm |
| 2:59 | Rifleman |
| 3:01 | Keep |
| 3:12 | Farm |
| 3:36 | Rifleman |
| 3:38 | Black Gunpowder |
| 4:27 | Brilliance Aura |
| 4:33 | Rifleman |
| 4:35 | Studded Leather Armor |
| 4:50 | Rifleman |
| 5:10 | Farm |
| 5:30 | Long Rifles |
| 5:32 | Peasant |
| 5:34 | Improved Lumber Harvesting |
| 5:47 | Farm |
| 5:59 | Refined Gunpowder |
| 6:03 | Arcane Sanctum |
| 6:34 | Town Hall |
| 6:41 | Brilliance Aura |
| 6:44 | Farm |
| 6:49 | Workshop |
| 7:05 | Rifleman |
| 7:18 | Priest |
| 7:25 | Farm |
| 7:46 | Peasant |
| 8:55 | Mortar Team |
| 8:57 | Farm |
| 8:58 | Rifleman |
| 8:58 | Rifleman |
| 9:00 | Priest |
| 9:00 | Priest |
| 9:22 | Priest Adept Training |
| 9:30 | Mortar Team |
| 9:55 | Rifleman |
| 11:17 | Summon Water Elemental |
| 11:26 | Town Hall |
| 11:41 | Holy Light |
| 11:43 | Sorceress |
| 12:31 | Rifleman |
| 12:49 | Peasant |
| 13:28 | Sorceress |
| 13:59 | Rifleman |
| 14:13 | Peasant |
| 14:20 | Sorceress Adept Training |
| 14:24 | Reinforced Leather Armor |
| 14:47 | Arcane Vault |
| 14:57 | Castle |
| 15:09 | Peasant |
| 15:12 | Scout Tower |
| 15:12 | Scout Tower |
| 15:14 | Scout Tower |
| 15:27 | Devotion Aura |
| 15:44 | Iron Forged Swords |
| 15:45 | Sorceress |
| 15:45 | Priest |
| 15:49 | Flying Machine |
| 15:55 | Farm |
| 16:03 | Arcane Sanctum |
| 16:17 | Guard Tower |
| 16:26 | Rifleman |
| 16:39 | Guard Tower |
| 17:01 | Brilliance Aura |
| 17:12 | Spell Breaker |
| 17:13 | Magic Sentry |
| 17:17 | Spell Breaker |
| 17:21 | Workshop |
| 17:43 | Devotion Aura |
| 18:14 | Barrage |
| 18:17 | Imbued Gunpowder |
| 18:20 | Farm |
| 18:20 | Farm |
| 18:25 | Farm |
| 19:00 | Farm |
| 19:00 | Farm |
| 19:02 | Siege Engine |
| 19:04 | Siege Engine |
| 19:10 | Priest Master Training |
| 19:13 | Storm Bolt |
| 19:45 | Town Hall |
| 19:52 | Lumber Mill |
| 20:26 | Sorceress |
| 20:37 | Holy Light |
| 20:45 | Siege Engine |
| 20:48 | Siege Engine |
| 21:20 | Rifleman |
| 21:51 | Bash |
| 22:37 | Peasant |
| 22:37 | Peasant |
| 22:37 | Peasant |
| 22:37 | Peasant |
| 22:37 | Peasant |
| 22:40 | Mass Teleport |
| 22:47 | Peasant |
| 22:48 | Peasant |
| 23:20 | Peasant |
| 23:20 | Peasant |
| 23:20 | Peasant |
| 23:38 | Fragmentation Shards |
| 23:39 | Mortar Team |
| 24:00 | Sorceress Master Training |
| 24:17 | Knight |
| 24:19 | Iron Plating |
| 24:50 | Mortar Team |
| 25:04 | Knight |
| 25:22 | Priest |
| 25:31 | Gryphon Aviary |
| 25:57 | Animal War Training |
| 26:24 | Dragonhide Armor |
| 26:33 | Peasant |
| Select group | 564 |
| Select | 504 |
| Right click | 450 |
| Misc. action | 135 |
| Build/train/purchase | 131 |
| Assign group | 62 |
| Use ability | 31 |
| Chat | 7 |
71 units @ 11.3k
/ 2.9k
26 buildings @ 5.3k
/ 2.7k


| Staff of Preservation | 2 | 300 |
| Orb of Venom | 2 | 650 |
| Moonstone | 1 | 50 |
| Scroll of Town Portal | 3 | 1050 |
| Scroll of Healing | 2 | 500 |
| Potion of Lesser Invulnerability | 2 | 300 |
| Boots of Speed | 1 | 250 |
| total: | 13 | 3100g |
| Wisp | 25 | 1500 | / | 0 |
| Archer | 4 | 520 | / | 40 |
| Dryad | 16 | 2320 | / | 960 |
| Druid of the Claw | 13 | 3315 | / | 1040 |
| Mountain Giant | 3 | 1050 | / | 300 |
| Chimaera | 5 | 1650 | / | 350 |
| Hippogryph | 2 | 320 | / | 40 |
| Glaive Thrower | 3 | 630 | / | 195 |
| total: | 71 | 11305g | / | 2925w |
| Altar of Elders | 1 | 180 | / | 50 |
| Moon Well | 9 | 1620 | / | 360 |
| Ancient of War | 2 | 300 | / | 120 |
| Tree of Life | 6 | 2040 | / | 1110 |
| Hunter's Hall | 1 | 210 | / | 100 |
| Ancient of Wonders | 1 | 90 | / | 30 |
| Ancient of Lore | 2 | 310 | / | 290 |
| Ancient of Wind | 2 | 300 | / | 280 |
| Chimaera Roost | 2 | 280 | / | 380 |
| Tree of Ages | 1 | 320 | / | 180 |
| Tree of Eternity | 1 | 330 | / | 200 |
| total: | 26 | 5330g | / | 2720w |
| 0:02 | Wisp |
| 0:03 | Wisp |
| 0:03 | Wisp |
| 0:06 | Altar of Elders |
| 0:19 | Moon Well |
| 0:32 | Wisp |
| 0:46 | Ancient of War |
| 0:57 | Wisp |
| 1:17 | Wisp |
| 1:20 | Ancient of War |
| 1:28 | Wisp |
| 1:45 | Moon Well |
| 1:51 | Wisp |
| 2:02 | Wisp |
| 2:08 | Mana Burn |
| 2:22 | Archer |
| 2:40 | Tree of Life |
| 3:00 | Wisp |
| 3:21 | Wisp |
| 3:21 | Wisp |
| 4:13 | Wisp |
| 4:49 | Wisp |
| 4:49 | Wisp |
| 5:04 | Archer |
| 5:07 | Tree of Ages |
| 5:11 | Moon Well |
| 5:34 | Evasion |
| 5:36 | Archer |
| 5:58 | Hunter's Hall |
| 6:13 | Wisp |
| 6:14 | Wisp |
| 6:14 | Wisp |
| 6:14 | Wisp |
| 6:14 | Wisp |
| 6:15 | Archer |
| 7:30 | Ancient of Lore |
| 7:33 | Ancient of Lore |
| 7:59 | Wisp |
| 8:00 | Moon Well |
| 8:05 | Ancient of Wonders |
| 8:08 | Strength of the Wild |
| 8:09 | Tree of Eternity |
| 8:29 | Mana Burn |
| 8:30 | Breath of Fire |
| 9:01 | Drunken Haze |
| 9:07 | Dryad |
| 9:08 | Dryad |
| 9:10 | Druid of the Claw Adept Training |
| 9:10 | Abolish Magic |
| 9:17 | Reinforced Hides |
| 9:18 | Ultravision |
| 9:23 | Wisp |
| 9:23 | Wisp |
| 9:35 | Dryad |
| 9:35 | Dryad |
| 9:37 | Dryad |
| 9:57 | Druid of the Claw |
| 9:57 | Druid of the Claw |
| 10:30 | Moon Well |
| 10:32 | Moon Well |
| 10:35 | Moon Well |
| 10:49 | Improved Strength of the Wild |
| 10:50 | Improved Reinforced Hides |
| 11:30 | Staff of Preservation |
| 11:30 | Orb of Venom |
| 11:37 | Druid of the Claw Master Training |
| 12:21 | Druid of the Claw |
| 12:21 | Druid of the Claw |
| 12:25 | Well Spring |
| 12:49 | Mountain Giant |
| 12:52 | Dryad |
| 12:52 | Dryad |
| 13:29 | Evasion |
| 13:31 | Breath of Fire |
| 13:41 | Druid of the Claw |
| 13:41 | Druid of the Claw |
| 14:05 | Orb of Venom |
| 14:05 | Staff of Preservation |
| 14:49 | Advanced Strength of the Wild |
| 15:10 | Mountain Giant |
| 15:12 | Dryad |
| 15:12 | Mark of the Claw |
| 16:12 | Advanced Reinforced Hides |
| 16:57 | Drunken Brawler |
| 19:17 | Chimaera Roost |
| 19:20 | Chimaera Roost |
| 19:23 | Breath of Fire |
| 20:18 | Scroll of Town Portal |
| 20:18 | Potion of Lesser Invulnerability |
| 20:31 | Scroll of Healing |
| 20:39 | Boots of Speed |
| 22:05 | Mana Burn |
| 22:41 | Chimaera |
| 22:44 | Corrosive Breath |
| 22:54 | Druid of the Claw |
| 22:54 | Druid of the Claw |
| 22:55 | Druid of the Claw |
| 22:55 | Druid of the Claw |
| 23:10 | Chimaera |
| 23:19 | Tree of Life |
| 23:53 | Tree of Life |
| 24:00 | Moonstone |
| 24:02 | Scroll of Town Portal |
| 24:09 | Dryad |
| 24:09 | Dryad |
| 24:10 | Dryad |
| 24:10 | Dryad |
| 24:34 | Chimaera |
| 25:45 | Resistant Skin |
| 25:45 | Hardened Skin |
| 25:47 | Mountain Giant |
| 25:53 | Tree of Life |
| 26:22 | Storm Earth and Fire |
| 26:56 | Metamorphosis |
| 27:15 | Evasion |
| 27:38 | Wisp |
| 27:38 | Wisp |
| 27:41 | Ancient of Wind |
| 27:42 | Ancient of Wind |
| 28:43 | Chimaera |
| 28:53 | Hippogryph |
| 28:54 | Hippogryph |
| 29:47 | Scroll of Healing |
| 29:47 | Potion of Lesser Invulnerability |
| 33:38 | Glaive Thrower |
| 33:38 | Glaive Thrower |
| 33:39 | Glaive Thrower |
| 33:50 | Immolation |
| 33:56 | Drunken Haze |
| 35:38 | Druid of the Claw |
| 35:38 | Druid of the Claw |
| 35:38 | Druid of the Claw |
| 35:39 | Dryad |
| 35:39 | Dryad |
| 36:03 | Chimaera |
| 37:26 | Vorpal Blades |
| 37:29 | Strength of the Moon |
| 37:33 | Tree of Life |
| 37:40 | Dryad |
| 37:40 | Dryad |
| 38:02 | Tree of Life |
| 38:34 | Moon Well |
| 38:36 | Moon Well |
| 38:53 | Scroll of Town Portal |
| Right click | 1781 |
| Select group | 1020 |
| Select | 893 |
| Misc. action | 311 |
| Build/train/purchase | 205 |
| Use ability | 111 |
| Assign group | 53 |
| Remove unit | 8 |
| Item give/drop | 6 |
⇛